 Dungeon Crawl Stone Soup version 0.31-a0-691-g409c26aa35 (webtiles) character file.

Game seed: 9242411563565680904

31497 bobo the Fighter (level 13, -11/111 HPs)
             Began as a Barachi Hexslinger on Sept 7, 2023.
             Was the Champion of Okawaru.
             Killed from afar by a hell knight (23 damage)
             ... with a bolt of fire
             ... in a volcano.
             The game lasted 00:50:10 (12574 turns).

bobo the Fighter (Barachi Hexslinger)              Turns: 12574, Time: 00:50:11

Health: -11/111    AC: 12    Str: 17    XL:     13   Next: 58%
Magic:  3/20       EV: 14    Int: 14    God:    Okawaru [******]
Gold:   996        SH:  0    Dex: 13    Spells: 1/21 levels left

rFire   . . .        y - +6 hand cannon "Hameatz" {flame, rPois rN+ Str+3 Dex-4}
rCold   . . .        (no shield)
rNeg    + . .        G - +0 troll leather armour
rPois   +            x - +1 helmet
rElec   .            f - +2 cloak
rCorr   .            (no gloves)
SInv    .            L - +2 pair of boots {Stlth+}
Will    +....        F - amulet of regeneration
Stlth   ++++         b - ring "Vugy" {Will+ Str+4 Dex-2 Slay+5}
HPRegen 1.98/turn    i - +4 ring of slaying
MPRegen 0.17/turn

%: no passive effects
@: heroic, slow
A: amphibious, slowness 1, strong legs 2, +LOS
a: Hop, Renounce Religion, Heroism, Finesse, Duel


You were in a volcano.
You worshipped Okawaru.
Okawaru was exalted by your worship.
You visited 3 branches of the dungeon, and saw 15 of its levels.
You also visited: Sewer and Volcano.

You collected 996 gold pieces.

Inventory:

Hand Weapons
 p - a +0 short sword of draining
 y - the +6 hand cannon "Hameatz" (weapon) {flame, rPois rN+ Str+3 Dex-4}
   (Okawaru gifted it to you on level 10 of the Dungeon)

   Str+3:     It affects your strength (+3).
   Dex-4:     It affects your dexterity (-4).
   rPois:     It protects you from poison rN+: It protects you from negative
   energy.
 C - a +5 orcbow of flaming
Armour
 a - the +2 pair of boots of Dytur {-Tele Slay+5}
   (You found it on level 5 of the Dungeon)

   Slay+5:    It affects your accuracy & damage with ranged weapons and melee
   (+5).
   -Tele:     It prevents most forms of teleportation.
 f - a +2 cloak (worn)
 x - a +1 helmet (worn)
 G - a +0 troll leather armour (worn)
 L - a +2 pair of boots of stealth (worn)
Jewellery
 b - the ring "Vugy" (left hand) {Will+ Str+4 Dex-2 Slay+5}
   (You found it on level 9 of the Dungeon)

   [ring of willpower]

   Str+4:     It affects your strength (+4).
   Dex-2:     It affects your dexterity (-2).
   Slay+5:    It affects your accuracy & damage with ranged weapons and melee
   (+5).
   Will+:     It increases your willpower.
 d - a +4 ring of protection
 i - a +4 ring of slaying (right hand)
 z - an amulet of reflection
 F - an amulet of regeneration (around neck)
Wands
 g - a wand of flame (28)
 u - a wand of mindburst (17)
 B - a wand of iceblast (10)
 I - a wand of quicksilver (6)
Scrolls
 c - 2 scrolls of enchant armour
 e - 4 scrolls of amnesia
 j - 2 scrolls of fear
 k - 7 scrolls of teleportation
 m - a scroll of fog
 n - 2 scrolls of revelation
 r - 2 scrolls of enchant weapon
 H - a scroll of noise {unknown}
 K - a scroll of acquirement {unknown}
 N - a scroll of poison
 O - a scroll of torment {unknown}
Potions
 h - 2 potions of mutation
 o - 6 potions of curing
 q - a potion of attraction {unknown}
 s - 2 potions of resistance
 t - 2 potions of might
 w - 2 potions of heal wounds
 A - a potion of enlightenment {unknown}
 D - a potion of brilliance {unknown}
 J - a potion of lignification {unknown}
 M - a potion of cancellation {unknown}


   Skills:
 + Level 13.1(18.1) Fighting
 + Level 12.1(17.1) Ranged Weapons
 - Level 2.1(7.1) Dodging
 + Level 4.9 Spellcasting
 + Level 2.8 Conjurations
 + Level 12.5 Hexes
 - Level 3.0 Translocations
 + Level 2.0 Transmutations
 - Level 3.0 Fire Magic
 + Level 2.6 Air Magic
 + Level 2.7 Poison Magic
 - Level 8.1 Invocations


You had one spell level left.
You knew the following spells:

 Your Spells              Type           Power      Damage    Failure   Level
a - Slow                  Hex            100%       N/A       1%          1
c - Confusing Touch       Hex            38%        N/A       1%          3
e - Inner Flame           Hex/Fire       25%        N/A       2%          3
f - Cause Fear            Hex            19%        N/A       1%          4
s - Mephitic Cloud        Conj/Pois/Air  11%        N/A       21%         3
w - Ignite Poison         Fire/Tmut/Pois 10%        N/A       22%         3
z - Portal Projectile     Hex/Tloc       50%        N/A       2%          3

Your spell library contained the following spells:

 Spells                   Type           Power      Damage    Failure   Level
 Magic Dart               Conj           44%        1d5       6%          1
 Kiss of Death            Conj/Necr      28%        2d7       12%         1
 Cigotuvi's Dreadful Rot  Necr/Pois/Air  16%        N/A       16%         2
 Vampiric Draining        Necr           3%         2d6       54%         3
 Sticky Flame             Conj/Fire      11%        2d3       54%         4
 Dispel Undead            Necr           3%         3d7       91%         4
 Alistair's Intoxication  Tmut/Pois      6%         N/A       91%         5
 Freezing Cloud           Conj/Ice/Air   4%         6-21      95%         5
 Borgnjor's Vile Clutch   Necr/Erth      1%         N/A       99%         5
 Eringya's Noxious Bog    Tmut/Pois      5%         4d6       100%        6
 Ignition                 Fire           5%         3d4       100%        8
 Call Imp                 Summ           Unusable   N/A       N/A         2

Dungeon Overview and Level Annotations

Branches:
Dungeon (11/15)            Temple (0/1) D:4            Lair (3/5) D:10
  Swamp (0/4) Lair:3       Spider (0/4) Lair:2          Orc (1/2) D:9
  Sewer (visited)         Volcano (1/1)

Altars:
Gozag
Okawaru
Ru
Yredelemnul

Annotations:
D:8 6 transporters
D:10 2 runed translucent doors


Innate Abilities, Weirdness & Mutations

You are amphibious.
You cover ground slowly.
You can hop long distances.
You have an extended range of vision and can be seen from far away.


Message History

You shoot a bolt. The bolt hits the hell knight.
The hell knight is moderately wounded.
You shoot a bolt. The bolt hits the hell knight!!
The hell knight is severely wounded.
The hell knight hits you from afar with a +0 halberd of flaming!
The hell knight burns you!
The hell knight hits you from afar with a +0 halberd of flaming!
The hell knight burns you!
A two-headed ogre comes into view.
It is wielding a +0 giant club of flaming and a +0 great mace of flaming.
Fire: y) +6 hand cannon "Hameatz" {flame, rPois rN+ Str+3 Dex-4}
Press: ? - help, Q - select action, (/) - cycle Shift-Dir - straight line, f/p - hell knight
Aim: a hell knight, wielding a +0 halberd of flaming and wearing a +2 chain mail of fire resistance (severely wounded, fast, chance to confuse on hit: 48%, 83% to hit)
You shoot a bolt.
The bolt closely misses the hell knight.
The air gets thick with the scent of sulphur.
Your hands stop glowing.
You are ready to hop once more.
The hell knight hits you from afar with a +0 halberd of flaming!
The hell knight burns you.
A two-headed ogre comes into view.
It is wielding a +2 great mace of flaming and a +0 giant club of flaming.
The hell knight hits you from afar with a +0 halberd of flaming.
* * * LOW HITPOINT WARNING * * *
The hell knight burns you.
* * * LOW HITPOINT WARNING * * *
Fire: y) +6 hand cannon "Hameatz" {flame, rPois rN+ Str+3 Dex-4}
Press: ? - help, Q - select action, (/) - cycle Shift-Dir - straight line, f/p - hell knight
Aim: a hell knight, wielding a +0 halberd of flaming and wearing a +2 chain mail of fire resistance (severely wounded, fast, 83% to hit)
You shoot a bolt. The bolt hits the hell knight.
The hell knight is severely wounded.
The hell knight mumbles some strange prayers to its god against you.
The bolt of fire hits you!!
* * * LOW HITPOINT WARNING * * *
Fire: y) +6 hand cannon "Hameatz" {flame, rPois rN+ Str+3 Dex-4}
Press: ? - help, Q - select action, (/) - cycle Shift-Dir - straight line, f/p - hell knight
Aim: a hell knight, wielding a +0 halberd of flaming and wearing a +2 chain mail of fire resistance (severely wounded, fast, 83% to hit)
You shoot a bolt. The bolt hits the hell knight!!
The hell knight is almost dead.
The hell knight misses you.
The hell knight mumbles some strange prayers to its god against you.
The bolt of fire hits you!!
You die...

..O..≈..+ §§ §≈
.'.....+ §§≈ §§#
#8O..8# #§§≈
≈§≈###.....###≈§§≈
#≈§≈≈≈.)...≈§≈≈§§#
##§§≈≈8...8≈≈≈≈≈§#
###≈§...p.≈≈≈§≈#
#≈≈.)§..≈≈≈###
##≈8.§@8≈≈≈#
##§.§.§####
#.§.§.# #8...8#
#.....# #.....#
#8...8# #.....#
#.....#


You could see a hell knight (fast) and 2 two-headed ogres.

Vanquished Creatures
  Erolcha (D:10)
  An ogre mage (Volcano)
  A centaur warrior (D:9)
  3 two-headed ogres
  2 boulder beetles (D:9)
  A death yak (Lair:1)
  Urug (Lair:1)
  Sonja (D:10)
  Nergalle (D:10)
  Amaemon (Lair:1)
  Lodul (D:10)
  An oklob plant (Lair:2)
  A manticore (D:9)
  A cyclops (D:11)
  An elephant (Lair:2)
  A black mamba (Lair:2)
  A cane toad (shapeshifter) (D:9)
  A gargoyle (D:10)
  A torpor snail (Lair:2)
  An orange demon (Lair:1)
  Maggie (D:7)
  7 cane toads
  3 rime drakes
  An unseen horror (D:11)
  2 komodo dragons
  2 trolls (D:9)
  2 polar bears (Lair:2)
  Prince Ribbit (D:6)
  4 blink frogs (Lair:1)
  A tyrant leech (Lair:1)
  6 dream sheep (Lair:2)
  4 slime creatures
  2 vampires
  6 wyverns
  3 wraiths
  15 yaks
  Eustachio (D:4)
  4 basilisks
  2 swamp worms (Lair:1)
  Menkaure (D:7)
  2 wargs (D:9)
  An acid dragon (D:11)
  10 water moccasins
  Duvessa (D:4)
  4 orc warriors
  4 black bears
  An ice beast (D:6)
  A sky beast (D:5)
  10 wolves
  7 ogres
  7 centaurs
  6 kobold brigands
  3 gnoll sergeants
  6 scorpions
  19 bullfrogs
  8 wights
  Dowan (D:4)
  A killer bee (D:10)
  An electric eel (Lair:1)
  8 howler monkeys
  4 hounds
  4 orc priests
  A jelly (D:7)
  8 orc wizards
  2 iguanas
  2 sleepcaps
  Terence (D:3)
  19 gnolls
  11 adders
  A river rat (Sewer)
  2 shadow imps (D:6)
  2 ufetubi (D:4)
  3 worms
  5 dart slugs
  18 orcs
  5 bats
  8 endoplasms
  A giant cockroach (D:3)
  8 goblins
  4 hobgoblins
  A jackal (Sewer)
  27 kobolds
  4 quokkas
  12 ball pythons
  7 frilled lizards
  13 rats
365 creatures vanquished.

Vanquished Creatures (others)
  An adder (D:5)
1 creature vanquished.

Grand Total: 366 creatures vanquished

Notes
Turn   | Place    | Note
-------+----------+-------------------------------------------
     0 | D:1      | bobo the Barachi Hexslinger began the quest for the Orb.
     0 | D:1      | Reached XP level 1. HP: 15/15 MP: 2/2
   453 | D:1      | Reached XP level 2. HP: 22/22 MP: 3/3
   880 | D:1      | Reached skill level 2 in Fighting
   917 | D:2      | Found an iron altar of Okawaru.
   920 | D:2      | Reached XP level 3. HP: 27/27 MP: 4/4
   985 | D:2      | Became a worshipper of Warmaster Okawaru
  1352 | D:2      | Reached XP level 4. HP: 34/34 MP: 5/5
  1547 | D:3      | Noticed a scorpion
  1564 | D:3      | Killed a scorpion
  1565 | D:3      | Reached skill level 3 in Fighting
  1565 | D:3      | Reached XP level 5. HP: 28/41 MP: 4/6
  1748 | D:3      | Found a faded altar of an unknown god.
  1798 | D:3      | Noticed Terence
  1805 | D:3      | Killed Terence
  2209 | D:4      | Learned a level 3 spell: Inner Flame
  2228 | D:4      | Reached XP level 6. HP: 47/47 MP: 7/7
  2313 | D:4      | Found a staircase to the Ecumenical Temple.
  2336 | D:4      | Reached * piety under Okawaru
  2371 | D:4      | Found a glowing drain.
  2385 | Sewer    | Entered a sewer
  2469 | Sewer    | Reached skill level 4 in Fighting
  2469 | Sewer    | Reached skill level 5 in Ranged Weapons
  2571 | Sewer    | Reached skill level 5 in Hexes
  2571 | Sewer    | Reached XP level 7. HP: 19/54 MP: 6/8
  2890 | Sewer    | Learned a level 3 spell: Portal Projectile
  3268 | D:4      | Reached ** piety under Okawaru
  3458 | D:4      | Noticed Eustachio
  3472 | D:4      | Killed Eustachio
  3473 | D:4      | Reached skill level 5 in Fighting
  3609 | D:4      | Reached XP level 8. HP: 62/62 MP: 9/9
  3655 | D:5      | Entered Level 5 of the Dungeon
  3864 | D:5      | Noticed Duvessa
  3864 | D:5      | Noticed Dowan
  3902 | D:4      | Killed Duvessa
  3903 | D:4      | Reached skill level 1 in Translocations
  3903 | D:4      | Reached skill level 1 in Fire Magic
  3909 | D:4      | HP: 3/63 [Dowan/stone arrow (9)]
  3911 | D:4      | Killed Dowan
  4223 | D:5      | Identified the +2 pair of boots of Dytur {-Tele Slay+5}
  4538 | D:5      | Reached skill level 6 in Fighting
  4624 | D:6      | Reached XP level 9. HP: 69/69 MP: 3/13
  4676 | D:6      | Reached *** piety under Okawaru
  4749 | D:6      | Found an opulent altar of Gozag.
  4998 | D:6      | Reached skill level 1 in Invocations
  5366 | D:7      | Noticed Prince Ribbit
  5373 | D:7      | Noticed Maggie
  5376 | D:7      | Noticed Menkaure
  5384 | D:6      | Killed Prince Ribbit
  5385 | D:6      | Reached skill level 7 in Fighting
  5458 | D:7      | Killed Maggie
  5458 | D:7      | Reached **** piety under Okawaru
  5863 | D:7      | Killed Menkaure
  5864 | D:7      | Reached XP level 10. HP: 80/80 MP: 9/14
  5958 | D:8      | Reached skill level 8 in Fighting
  6267 | D:8      | Found a transporter.
  6271 | D:8      | Found a transporter.
  6524 | D:8      | Found a transporter.
  6528 | D:8      | Found a transporter.
  6687 | D:8      | Found a transporter.
  6691 | D:8      | Found a transporter.
  6932 | D:9      | Found a staircase to the Orcish Mines.
  7183 | D:9      | Learned a level 4 spell: Cause Fear
  7187 | D:9      | Learned a level 3 spell: Confusing Touch
  7256 | D:9      | Reached ***** piety under Okawaru
  7257 | D:9      | Reached skill level 9 in Fighting
  7442 | D:9      | Noticed a boulder beetle
  7457 | D:9      | Killed a boulder beetle
  7620 | D:9      | Reached skill level 5 in Invocations
  7713 | D:9      | Noticed a boulder beetle
  7744 | D:9      | Killed a boulder beetle
  7745 | D:9      | Reached XP level 11. HP: 90/90 MP: 2/15
  8072 | D:9      | Noticed a manticore
  8078 | D:9      | Killed a manticore
  8078 | D:9      | Noticed a centaur warrior
  8081 | D:9      | Killed a centaur warrior
  8082 | D:9      | Reached skill level 10 in Fighting
  8099 | D:9      | Identified the ring "Vugy" {Will+ Str+4 Dex-2 Slay+5}
  8131 | D:10     | Entered Level 10 of the Dungeon
  8164 | D:10     | Noticed Erolcha
  8171 | D:10     | Killed Erolcha
  8172 | D:10     | Reached skill level 10 in Hexes
  8292 | D:10     | Identified the +6 hand cannon "Hameatz" {flame, rPois rN+
                  | Str+3 Dex-4} (Okawaru gifted it to you on level 10 of the
                  | Dungeon)
  8292 | D:10     | Received a gift from Okawaru
  8293 | D:10     | Reached skill level 10 in Ranged Weapons
  8376 | D:10     | Found a staircase to the Lair.
  8449 | D:10     | Noticed Lodul
  8457 | D:10     | Killed Lodul
  8638 | D:10     | Identified the +0 hand cannon of Malaise {freeze, Int+3}
                  | (Okawaru gifted it to you on level 10 of the Dungeon)
  8638 | D:10     | Received a gift from Okawaru
  8644 | D:10     | Reached skill level 11 in Fighting
  8842 | D:10     | Reached ****** piety under Okawaru
  8896 | D:10     | Found a basalt altar of Yredelemnul.
  8899 | D:10     | Noticed a two-headed ogre
  8906 | D:10     | Killed a two-headed ogre
  8907 | D:10     | Reached XP level 12. HP: 100/100 MP: 5/17
  8922 | D:10     | Noticed Sonja
  8925 | D:10     | Killed Sonja
  9089 | D:10     | Found a sacrificial altar of Ru.
  9154 | D:10     | Found a large runed translucent door.
  9155 | D:10     | Found a large runed translucent door.
  9267 | D:10     | Noticed Nergalle
  9282 | D:10     | Killed Nergalle
 10198 | Lair:1   | Entered Level 1 of the Lair of Beasts
 10286 | Lair:1   | Received a gift from Okawaru
 10287 | Lair:1   | Reached skill level 12 in Fighting
 10524 | Lair:1   | Noticed Amaemon
 10529 | Lair:1   | Killed Amaemon
 10635 | Lair:1   | Noticed Urug
 10641 | Lair:1   | Killed Urug
 11190 | Lair:2   | Learned a level 3 spell: Mephitic Cloud
 11287 | Lair:2   | Noticed a death yak
 11388 | Lair:2   | Gained mutation: You can hop long distances. [Barachi
                  | growth]
 11388 | Lair:2   | Reached XP level 13. HP: 107/109 MP: 7/19
 11514 | Orc:1    | Entered Level 1 of the Orcish Mines
 11699 | Lair:1   | Learned a level 3 spell: Ignite Poison
 11762 | Lair:2   | Reached skill level 1 in Conjurations
 11762 | Lair:2   | Reached skill level 1 in Air Magic
 11762 | Lair:2   | Reached skill level 1 in Poison Magic
 11923 | Lair:2   | Received a gift from Okawaru
 11936 | Lair:2   | Reached skill level 1 in Transmutations
 12070 | Lair:2   | Found a hole to the Spider Nest.
 12096 | Lair:2   | Reached skill level 13 in Fighting
 12516 | Lair:3   | Found a dark tunnel.
 12524 | Volcano  | Entered a volcano
 12574 | Volcano  | Killed from afar by a hell knight

Illustrated notes

Levels and vault maps discovered:
D:1:      dpeg_arrival_rooms_b, layout_loops_corners
D:2:      layout_rooms, basic_altar, minmay_3d_cube
D:3:      layout_basic, shapermc_ecumenical_altar_venn, minmay_diced_spiral,
          uniq_terence
D:4:      layout_loops_ring, minmay_temple_entry_tees,
          cheibrodos_sewer_entry_bend, grunt_decor_one_mirror, uniq_eustachio
D:5:      layout_cave_pools, kennysheep_generic_room_12, uniq_duvessa
D:6:      layout_rooms, kennysheep_mini_moat
D:7:      layout_basic, nicolae_figureground_pulse, uniq_menkaure,
          uniq_prince_ribbit1, uniq_maggie
D:8:      layout_cave_pools, hangedman_decor_growths, serial_nicolae_subway,
          nicolae_sub_station_crystal, nicolae_sub_station_metal,
          nicolae_sub_station_stone
D:9:      minmay_chopped_fan, layout_long_grid, orc_0_dummy
D:10:     layout_basic, mainiacjoe_overflow_alcove_1, jmf_multi_god_temple2,
          nicolae_overflow_crystal_walls, due_lair_maze_entry_diamond,
          chequers_serial_rivers_marsh, billiards_dpeg, uniq_nergalle,
          uniq_erolcha, uniq_lodul, uniq_sonja
D:11:     layout_roguey
Lair:1:   layout_chaotic_city, st_stairs_12, worms_lemuel, grunt_megastairs_2,
          serial_bayou_shore_a, uniq_urug, uniq_amaemon
Lair:2:   nzn_winding_woodlands_cross [nzn_winding_woodlands_5x15_jagged,
          nzn_winding_woodlands_5x15_sidewinder,
          nzn_winding_woodlands_5x15_cabin, nzn_winding_woodlands_5x15_crooked,
          nzn_winding_woodlands_15x15_killbox], layout_long_grid,
          spider_nest_entry_web_field, lemuel_fruit_tree
Lair:3:   layout_layer_cave, palyth_hydra_swamp_entry,
          lightli_volcano_entry_magma_tube, grunt_megastairs_3,
          serial_bayou_shore_b
Orc:1:    layout_caves
Volcano:  kennysheep_volcano_temple

Skill      XL: |  1  2  3  4  5  6  7  8  9 10 11 12 13 |
---------------+----------------------------------------+-----
Fighting       | 2 3 4 5 6 7 9 11 12 13 | 13.1
Ranged Weapons | 3 4 5 6 7 8 9 10 11 12 | 12.1
Hexes          | 4 5 6 7 9 10 12 | 12.5
Translocations | 2 3 |  3.0
Fire Magic     | 2 3 |  3.0
Spellcasting   | 2 3 4 |  4.9
Invocations    | 3 5 6 8 |  8.1
Conjurations   | 2 |  2.8
Air Magic      | 2 |  2.6
Poison Magic   | 2 |  2.7
Transmutations | 2 |  2.0
Dodging        | |  2.1

Action                     |  1- 3 |  4- 6 |  7- 9 | 10-12 | 13-15 || total
---------------------------+-------+-------+-------+-------+-------++-------
  Melee: Short sword       |       |       |     2 |    21 |       ||    23
         Sling             |       |       |     1 |       |       ||     1
         Punch             |       |       |       |     3 |       ||     3
   Fire: Sling             |   107 |   160 |   128 |       |       ||   395
         Shortbow          |       |       |   126 |   120 |       ||   246
         Hand cannon       |       |       |       |   185 |   127 ||   312
         Orcbow            |       |       |       |    30 |       ||    30
   Cast: Slow              |     5 |     4 |    28 |     5 |       ||    42
         Portal Projectile |       |       |     1 |     7 |       ||     8
         Inner Flame       |       |       |    14 |    56 |     9 ||    79
         Cause Fear        |       |       |       |    17 |     4 ||    21
         Mephitic Cloud    |       |       |       |       |     2 ||     2
         Confusing Touch   |       |       |       |       |     1 ||     1
 Invoke: Heroism           |       |       |     3 |     6 |     1 ||    10
Ability: Hop               |       |     2 |     4 |     7 |     4 ||    17
    Use: Scroll            |       |     5 |     5 |     5 |     6 ||    21
         Potion            |       |       |     1 |     2 |       ||     3
 Armour: Robe              |    28 |    31 |    81 |    38 |       ||   178
         Troll leather arm |       |       |       |   125 |    69 ||   194
  Dodge: Dodged            |    25 |    35 |    57 |   122 |    32 ||   271
  Block: Other             |       |       |       |     4 |       ||     4
         Reflection        |       |       |       |     2 |       ||     2

Table legend: (Time is in decaauts)
 A = Elapsed time spent in this place.
 B = Non-inter-level travel time spent in this place.
 C = Inter-level travel time spent in this place.
 D = Time resting spent in this place.
 E = Time spent auto-exploring this place.
 F = Levels seen in this place.
 G = Mean time per level.
                   A        B        C        D        E       F      G
               +--------+--------+--------+--------+--------+-----+--------+
         Total |  14369 |  13483 |    886 |    753 |  10031 |  17 |  845.2 |
       Dungeon |  10960 |  10277 |    683 |    598 |   7863 |  11 |  996.4 |
          Lair |   2597 |   2395 |    202 |      0 |   1760 |   3 |  865.7 |
  Orcish Mines |     21 |     21 |      0 |      0 |      0 |   1 |   21.0 |
         Sewer |    732 |    732 |      0 |    155 |    389 |   1 |  732.0 |
       Volcano |     58 |     58 |      0 |      0 |     16 |   1 |   58.0 |
               +--------+--------+--------+--------+--------+-----+--------+

Top non-repeatable levels by time:
     D:9: 1531 daAuts
    D:10: 1517 daAuts
  Lair:1: 1283 daAuts
     D:4: 1268 daAuts
  Lair:2: 1247 daAuts
     D:1: 1065 daAuts
     D:7: 1003 daAuts
     D:3: 890 daAuts
    D:11: 861 daAuts
     D:8: 792 daAuts
     D:6: 737 daAuts
   Sewer: 732 daAuts
     D:5: 672 daAuts
     D:2: 619 daAuts
  Lair:3: 66 daAuts
